[Event "Late-Titled-Tuesday-Blitz-October-10-2023"]
[Site "Chess.com"]
[Date "2023.10.10"]
[Round "7"]
[White "CraiggoryC"]
[Black "ural58"]
[Result "0-1"]
[WhiteElo "2274"]
[BlackElo "2527"]
[TimeControl "180+1"]
[EndTime "15:11:13 PDT"]
[Termination "ural58 won by resignation"]

1. e4 d5 2. exd5 Qxd5 3. Nc3 Qa5 4. d4 Nf6 5. Nf3 Nc6 6. d5 Nb4 7. Bc4 e6 8. dxe6 Bxe6 9. Bxe6 fxe6 10. a3 Nbd5 11.
O-O Nxc3 12. Qe1 O-O-O 13. Bd2 Nfd5 14. bxc3 Qa6 15. c4 Nf6 16. Ng5 Re8 17. Be3 Qxc4 18. Qa5 a6 19. Rfe1 Bd6 20. Nf7 Rhf8 21. Nxd6+ cxd6 22. Rad1 Nd5 23. Rd4 Qc7 24. c4 Qxa5 0-1

[Event "Late-Titled-Tuesday-Blitz-October-10-2023"]
[Site "Chess.com"]
[Date "2023.10.10"]
[Round "7"]
[White "tptagain"]
[Black "Korchmar_Vasiliy"]
[Result "1-0"]
[WhiteElo "2882"]
[BlackElo "2757"]
[TimeControl "180+1"]
[EndTime "15:11:14 PDT"]
[Termination "tptagain won by resignation"]

1. Nf3 d5 2. b3 Nf6 3. Bb2 e6 4. c4 Bd6 5. g3 c5 6. cxd5 exd5 7. Bg2 d4 8. Na3 O-O 9. O-O Nc6 10. e3 Bg4 11. h3 Bh5 12. Nc4 Bc7 13. Rc1 Nb4 14. exd4 Nd3 15. dxc5 Nxc1 16. Qxc1 Nd5 17. Nd4 Nb4 18. Nf5 f6 19. Ncd6 Kh8 20. Qc4 Nc6 21.
d4 Bg6 22. Nxb7 Qd7 23. Nfd6 Ne7 24. d5 Nf5 25. Nxf5 Bxf5 26. d6 Bxh3 27. Bxh3 Qxh3 28. dxc7 Rac8 29. Nd6 Rxc7 30. Re1 h5 31. b4 Qd7 32. Qh4 1-0

[Event "Late-Titled-Tuesday-Blitz-October-10-2023"]
[Site "Chess.com"]
[Date "2023.10.10"]
[Round "7"]
[White "micke12a"]
[Black "luizzy"]
[Result "0-1"]
[WhiteElo "2360"]
[BlackElo "2552"]
[TimeControl "180+1"]
[EndTime "15:11:14 PDT"]
[Termination "luizzy won by resignation"]

1. d4 d6 2. Nc3 Nf6 3. g3 Nbd7 4. Bg2 e5 5. dxe5 dxe5 6. e4 c6 7. Nge2 Bc5 8. O-O O-O 9. a4 h6 10. h3 Qc7 11. Qd3 Rd8 12. Qf3 a5 13. g4 Be7 14.
Ng3 Nf8 15. Nf5 Ne6 16. h4 Nd4 17. Qg3 Bxf5 18. gxf5 Kf8 19. f4 Bd6 20. fxe5 Bxe5 21. Bf4 Bxf4 22. Qxf4 Qxf4 23. Rxf4 Nxc2 24. Rc1 Nb4 25. e5 Nd3 26. exf6 Nxf4 27. fxg7+ Kxg7 28. Bf3 Rd4 29. Kf2 Nd3+ 30. Ke3 Nxc1 31. Kxd4 Nb3+ 32. Ke5 Rd8 33. f6+ Kf8 34. Ne4 Nd2 35. Bg2 Nxe4 36. Bxe4 Rd2 37. b3 Rb2 38. Kd6 Rxb3 39. Kc5 Rb4 40. Bf5 Rxh4 41. Kb6 Rxa4 42. Kxb7 Rf4 43. Bd7 c5 44. Kb6 a4 45. Kxc5 a3 0-1

[Event "Late-Titled-Tuesday-Blitz-October-10-2023"]
[Site "Chess.com"]
[Date "2023.10.10"]
[Round "7"]
[White "FaustinoOro"]
[Black "topin8"]
[Result "1-0"]
[WhiteElo "2854"]
[BlackElo "2411"]
[TimeControl "180+1"]
[EndTime "15:11:14 PDT"]
[Termination "FaustinoOro won by resignation"]

1. e4 e5 2. Nf3 Nc6 3. Bb5 Nf6 4. d3 d6 5. O-O Be7 6. c3 O-O 7. Re1 a6 8. Ba4 b5 9. Bc2 Re8 10. Nbd2 Bf8 11. Nf1 Be6 12. Ng3 d5 13. d4 Bg4 14.
exd5 Qxd5 15. Bb3 Qd6 16. h3 Bxf3 17. Qxf3 exd4 18. Bf4 Qd7 19. Bg5 Ne5 20. Rxe5 Rxe5 21. Bxf6 gxf6 22. Qxa8 dxc3 23. bxc3 Qd2 24. Qf3 c5 25.
Qxf6 Re1+ 26. Rxe1 Qxe1+ 27. Kh2 c4 28. Bc2 Be7 29.
Qh6 1-0

[Event "Late-Titled-Tuesday-Blitz-October-10-2023"]
[Site "Chess.com"]
[Date "2023.10.10"]
[Round "7"]
[White "THE_PLAYER6"]
[Black "Cayse"]
[Result "0-1"]
[WhiteElo "2643"]
[BlackElo "2866"]
[TimeControl "180+1"]
[EndTime "15:11:15 PDT"]
[Termination "Cayse won by resignation"]

1. d4 d5 2. c4 e6 3. Nf3 Nf6 4. Nc3 Nbd7 5. cxd5 exd5 6. Bg5 Bb4 7. e3 c5 8. a3 Bxc3+ 9. bxc3 Qa5 10. Bxf6 Qxc3+ 11. Nd2 Nxf6 12. Rc1 Qxa3 13. Bb5+ Bd7 14. Rxc5 b6 15. Bxd7+ Kxd7 16. Rc2 Qd3 17. Nf3 Qxd1+ 18. Kxd1 Rhc8 19.
Ne5+ Ke6 20. f3 Nd7 21. Nd3 a5 22. Kd2 Rxc2+ 23. Kxc2 Rc8+ 24. Kd2 Kd6 25. Rb1 Rc4 26.
Rb2 Kc6 27. Rb1 b5 28. Ra1 Kb6 29. Nf4 Nf6 30. Kd3 Rc7 31. e4 b4 32. e5 g5 33.
Ne2 Nd7 34. h4 gxh4 35. Nf4 Kb5 36. Nxd5 Ra7 37. Ne3 a4 38. Nc4 a3 39. d5 Nc5+ 40.
Kd4 Nb3+ 41. Kd3 Nxa1 0-1

[Event "Late-Titled-Tuesday-Blitz-October-10-2023"]
[Site "Chess.com"]
[Date "2023.10.10"]
[Round "7"]
[White "cthulhuuu"]
[Black "MMSANCHEZ"]
[Result "0-1"]
[WhiteElo "2469"]
[BlackElo "2746"]
[TimeControl "180+1"]
[EndTime "15:11:16 PDT"]
[Termination "MMSANCHEZ won by resignation"]

1. e4 e6 2. d3 d5 3. Nd2 c5 4. Ngf3 Bd6 5. g3 Ne7 6. Bg2 O-O 7. O-O Nbc6 8. Re1 b5 9. c4 Ba6 10. exd5 exd5 11. Ng5 Nb4 12. Qb3 Nf5 13. Ndf3 h6 14. a3 bxc4 15. Qa4 Nxd3 16. Rd1 Qb6 17. Nh3 Rae8 18. g4 Ne7 19. Ne1 Bb5 20. Qc2 Ng6 21. Bxd5 Bxh2+ 22. Kxh2 Qd6+ 23. f4 Qxd5 24. Nxd3 cxd3 25.
Qg2 Re2 26. Nf2 Qd4 27. Kg1 Bc6 28. Qg3 c4 29. Bd2 Rfe8 30. Re1 Rxe1+ 31. Rxe1 Rxe1+ 32. Bxe1 d2 33. Bxd2 Qxd2 34. f5 Nf4 35. g5 Ne2+ 0-1

[Event "Late-Titled-Tuesday-Blitz-October-10-2023"]
[Site "Chess.com"]
[Date "2023.10.10"]
[Round "7"]
[White "WDCH"]
[Black "GM_dmitrij"]
[Result "0-1"]
[WhiteElo "2722"]
[BlackElo "3003"]
[TimeControl "180+1"]
[EndTime "15:11:20 PDT"]
[Termination "GM_dmitrij won by resignation"]

1. Nf3 Nf6 2. c4 c6 3. b3 d5 4.
g3 Bf5 5. Bg2 e6 6. O-O Nbd7 7.
Bb2 Be7 8. d3 h6 9. Nbd2 O-O 10.
a3 a5 11. Rc1 Bh7 12. Rc2 Re8 13. Qa1 Qb6 14. Bd4 Bc5 15. Rb1 Bxd4 16. Qxd4 Qxd4 17. Nxd4 e5 18. cxd5 exd4 19. dxc6 bxc6 20. Bxc6 Rac8 21. Nf3 Ne5 22. Nxd4 Red8 23. Ba4 Rxc2 24. Nxc2 Nd5 25. f4 Nc3 26. Re1 Bxd3 27. exd3 Nf3+ 28. Kf2 Nxe1 29.
Nxe1 Nxa4 30. bxa4 Rc8 31. Ke3 Rc3 32. Ke4 Rxa3 33.
d4 Rxa4 34. Ke5 Ra3 35. Ke4 a4 36. d5 Rb3 37. d6 Kf8 38. Nc2 a3 39. Kd5 a2 40. d7 Ke7 41. Nd4 Rd3 0-1

[Event "Late-Titled-Tuesday-Blitz-October-10-2023"]
[Site "Chess.com"]
[Date "2023.10.10"]
[Round "7"]
[White "OLDTERMINATOR"]
[Black "martinez_95"]
[Result "1-0"]
[WhiteElo "1606"]
[BlackElo "2207"]
[TimeControl "180+1"]
[EndTime "15:11:20 PDT"]
[Termination "OLDTERMINATOR won by checkmate"]

1. e4 e5 2. Nf3 Nc6 3. Bc4 Nf6 4.
Ng5 d5 5. exd5 Na5 6. Bb5+ c6 7. dxc6 bxc6 8. Be2 Nd5 9. d3 Be7 10. Nf3 O-O 11. Bd2 Rb8 12. b3 Re8 13. Nc3 f5 14. Nxd5 Qxd5 15. c4 Qd8 16. Nxe5 Bf6 17. f4 Bxe5 18.
fxe5 Rxe5 19. O-O c5 20. Bc3 Re7 21. Bf3 Be6 22. Qd2 Nb7 23. Rae1 Bf7 24. Qg5 Be6 25. Rxe6 Rxe6 26. Qxg7# 1-0

[Event "Late-Titled-Tuesday-Blitz-October-10-2023"]
[Site "Chess.com"]
[Date "2023.10.10"]
[Round "7"]
[White "Eliwood44"]
[Black "midedu"]
[Result "1-0"]
[WhiteElo "2490"]
[BlackElo "2093"]
[TimeControl "180+1"]
[EndTime "15:11:26 PDT"]
[Termination "Eliwood44 won by resignation"]

1. d4 Nf6 2. c4 g6 3. g3 Bg7 4. Bg2 d6 5. Nf3 O-O 6. O-O Nc6 7. Nc3 a6 8. b3 Bd7 9. Bb2 Re8 10. e4 e5 11.
dxe5 dxe5 12. Nd5 Nxe4 13. Re1 f5 14. Qc2 h6 15. Rad1 Qc8 16. b4 Ng5 17. Nxg5 hxg5 18. b5 Nd4 19. Bxd4 exd4 20. Ne7+ Rxe7 21. Rxe7 axb5 22.
cxb5 c5 23. bxc6 Bxc6 24. Qc4+ Kh8 25. Qf7 Qf8 26. Bxc6 bxc6 27. Qxf8+ Bxf8 28. Re6 c5 29. Rxg6 Rxa2 30. Rxg5 Bg7 31. Rxf5 c4 32. Rc5 c3 33.
Kg2 Rd2 34. Rc1 Kg8 35. h4 Kf7 36. h5 Bh6 37. Ra1 Bf8 38. Ra7+ Be7 39. h6 1-0

[Event "Late-Titled-Tuesday-Blitz-October-10-2023"]
[Site "Chess.com"]
[Date "2023.10.10"]
[Round "7"]
[White "dretch"]
[Black "BogdanDeac"]
[Result "1-0"]
[WhiteElo "2860"]
[BlackElo "2997"]
[TimeControl "180+1"]
[EndTime "15:11:33 PDT"]
[Termination "dretch won by resignation"]

1. d4 Nf6 2. c4 g6 3. Nc3 Bg7 4. e4 d6 5. Nf3 O-O 6. h3 e5 7. dxe5 dxe5 8. Qxd8 Rxd8 9. Bg5 c6 10. Nxe5 Re8 11.
O-O-O Na6 12. Nf3 Nc5 13. e5 Nfd7 14. Be3 Na6 15. Ne4 Nxe5 16. Nd6 Rd8 17. Ng5 h6 18. Nge4 f5 19. Nc3 Nf7 20. c5 Be6 21. Nxb7 Rxd1+ 22. Nxd1 Nb4 23. a3 Nd5 24. Bc4 Ne5 25. Be2 Rb8 26.
Na5 Nxe3 27. Nxe3 f4 28. Nc2 f3 29. gxf3 Bd5 30. Nb4 Bxf3 31. Bxf3 Nxf3 32. Naxc6 Rb5 33. Nd3 Rb3 34. Kc2 Rb7 35. b4 a5 36.
bxa5 Rc7 37. Ndb4 Nd4+ 38. Nxd4 Bxd4 39. c6 Bxf2 40. a6 Bc5 41. Kb3 Kf7 42. Kc4 Be7 43.
Kb5 Rc8 44. a7 Ra8 45. Kb6 Bd8+ 46. Kb7 1-0

[Event "Late-Titled-Tuesday-Blitz-October-10-2023"]
[Site "Chess.com"]
[Date "2023.10.10"]
[Round "7"]
[White "nicholas_ilic"]
[Black "filipluczak05"]
[Result "0-1"]
[WhiteElo "2324"]
[BlackElo "2611"]
[TimeControl "180+1"]
[EndTime "15:11:33 PDT"]
[Termination "filipluczak05 won by resignation"]

1. e4 g6 2. d4 Bg7 3. Nf3 c5 4. c3 cxd4 5. cxd4 d5 6. e5 Nc6 7.
Nc3 Bg4 8. Be2 Bxf3 9. Bxf3 e6 10. O-O Nge7 11. Be3 Nf5 12. a3 O-O 13. b4 Qb6 14.
Na4 Qc7 15. Rc1 Qe7 16. Bg4 Nxe3 17. fxe3 Rac8 18. Nc5 b6 19. Nd3 h5 20. Be2 Bh6 21. Nf4 a5 22. b5 Nb8 23. a4 Bxf4 24.
Rxf4 Qa3 25. Rxc8 Rxc8 26. Qd3 Qxd3 27. Bxd3 Rc3 28. Bf1 Rxe3 29. Rf2 Kf8 30. Rc2 Ke7 31. Rc7+ Nd7 32. Rc1 Ra3 33. Kf2 Rxa4 34. Ke3 Ra3+ 35.
Kd2 Ra2+ 36. Kc3 f6 37. Kb3 Rd2 38. exf6+ Nxf6 39. Rc7+ Nd7 40. Kc3 Rf2 41. Bd3 Rxg2 42. Rc6 h4 43. h3 Rg3 44. Kd2 e5 45. dxe5 Rxd3+ 46. Kxd3 Nxe5+ 47. Kd4 Nxc6+ 48. bxc6 Kd6 49. c7 Kxc7 50. Kxd5 Kd7 51. Kc4 Ke6 52. Kb5 Kf5 53.
Kxb6 a4 54. Kb5 a3 55. Kc4 a2 56. Kd3 a1=Q 0-1

[Event "Late-Titled-Tuesday-Blitz-October-10-2023"]
[Site "Chess.com"]
[Date "2023.10.10"]
[Round "7"]
[White "hakanazeri2"]
[Black "StarkyNZ"]
[Result "0-1"]
[WhiteElo "2599"]
[BlackElo "2370"]
[TimeControl "180+1"]
[EndTime "15:11:34 PDT"]
[Termination "StarkyNZ won on time"]

1. Nf3 Nf6 2. c4 c5 3. Nc3 Nc6 4. g3 g6 5. Bg2 Bg7 6. d4 cxd4 7.
Nxd4 O-O 8. O-O Nxd4 9. Qxd4 d6 10. Qd3 Be6 11. b3 Rb8 12. Bb2 a6 13. a4 Qa5 14. e4 Rfc8 15. Rab1 Qh5 16. Nd5 Nxd5 17. exd5 Bf5 18. Be4 Bxb2 19. Rxb2 Bh3 20. Re1 b5 21. cxb5 axb5 22. Bf3 Qg5 23. axb5 Qf6 24. Qe2 Rc5 25. Ra2 Rcxb5 26. Bg2 Bxg2 27. Kxg2 Rxb3 28. Qxe7 Qf3+ 29. Kg1 Rb1 30. Re2 R8b5 31. Qd8+ Kg7 0-1

[Event "Late-Titled-Tuesday-Blitz-October-10-2023"]
[Site "Chess.com"]
[Date "2023.10.10"]
[Round "7"]
[White "SEBAZZANO"]
[Black "Alina_Gumerovna"]
[Result "1-0"]
[WhiteElo "2247"]
[BlackElo "2126"]
[TimeControl "180+1"]
[EndTime "15:11:38 PDT"]
[Termination "SEBAZZANO won by checkmate"]

1. d4 Nf6 2. Bf4 d6 3. Nc3 g6 4.
e4 Bg7 5. Qd2 Nh5 6. Be3 O-O 7.
O-O-O Nd7 8. Be2 Nhf6 9. Nf3 Ng4 10. h3 Nxe3 11. Qxe3 c6 12. h4 Qc7 13. h5 e5 14. hxg6 hxg6 15. d5 Nf6 16. Ng5 Ng4 17. Bxg4 Bxg4 18. f3 Bd7 19. Qf2 f6 20. Ne6 Bxe6 21.
dxe6 Qe7 22. Qg3 Qxe6 23. Qxg6 Rae8 24. Rh7 Qf7 25. Qf5 Qe6 26. Qh5 f5 27. Rh1 fxe4 28.
Rh8+ Bxh8 29. Qh7# 1-0

[Event "Late-Titled-Tuesday-Blitz-October-10-2023"]
[Site "Chess.com"]
[Date "2023.10.10"]
[Round "7"]
[White "Hrant_ChessMood"]
[Black "Alex_Sahakyan2006"]
[Result "1-0"]
[WhiteElo "2943"]
[BlackElo "2749"]
[TimeControl "180+1"]
[EndTime "15:11:43 PDT"]
[Termination "Hrant_ChessMood won by checkmate"]

1. c4 c5 2. Nf3 g6 3. Nc3 Bg7 4. e3 Nf6 5. d4 cxd4 6. exd4 d5 7. cxd5 Nxd5 8. Bc4 Nxc3 9. bxc3 O-O 10. O-O Qc7 11.
Qb3 Nc6 12. Be2 Na5 13. Qb4 Be6 14. Bg5 Rfc8 15. Rac1 Bxa2 16. Bxe7 Nc6 17. Qa3 Qxe7 18. Qxa2 Bf6 19. Bc4 Kg7 20. g3 Qd7 21. Kg2 b6 22. h4 h5 23. Rfe1 Na5 24. Bd5 Rab8 25.
c4 Nc6 26. Bxc6 Qxc6 27. d5 Qd6 28. Nd2 Qb4 29. Ne4 Be5 30. Ng5 Bf6 31. Ne4 Be5 32. Qxa7 Rxc4 33. Ng5 Bc7 34. Rxc4 Qxc4 35. Re7 Qxd5+ 36.
Kh2 Rb7 37. Qa1+ Kg8 38. Re8# 1-0

[Event "Late-Titled-Tuesday-Blitz-October-10-2023"]
[Site "Chess.com"]
[Date "2023.10.10"]
[Round "7"]
[White "Thormento16"]
[Black "karinachess1"]
[Result "1/2-1/2"]
[WhiteElo "2303"]
[BlackElo "2589"]
[TimeControl "180+1"]
[EndTime "15:11:43 PDT"]
[Termination "Game drawn - insufficient material"]

1. e4 e5 2. Nf3 Nc6 3. d4 exd4 4.
Nxd4 Bc5 5. Be3 Qf6 6. c3 Nge7 7. g3 d5 8. Bg2 dxe4 9. Nd2 Bxd4 10. cxd4 Bf5 11.
Nxe4 Bxe4 12. Bxe4 O-O 13. O-O Rad8 14. Qc2 Nxd4 15.
Bxd4 Rxd4 16. Bxh7+ Kh8 17. Be4 c6 18. Rad1 Rfd8 19.
Bg2 Rxd1 20. Rxd1 Rxd1+ 21. Qxd1 Qxb2 22. Qd8+ Ng8 23. Qh4+ Nh6 24. Qd8+ Kh7 25. Be4+ g6 26. Qe7 a5 27. Kg2 a4 28. a3 Qb3 29. Bf3 Nf5 30. Qd7 Qxa3 31. Qxf7+ Ng7 32. Qxb7 Qd6 33. Qxc6 Qxc6 34. Bxc6 a3 35. Bd5 Nf5 36. Kf3 Ne7 37.
Bb3 Kg7 38. Ke4 Kf6 39. f4 Nf5 40. g4 Nd6+ 41. Kd5 Nb5 42. Kc4 Nd6+ 43. Kb4 Ne4 44. Kxa3 Nf2 45. g5+ Kf5 46. Bc2+ Kxf4 47. Bxg6 Kxg5 48.
h4+ Kxg6 49. h5+ Kxh5 1/2-1/2

[Event "Late-Titled-Tuesday-Blitz-October-10-2023"]
[Site "Chess.com"]
[Date "2023.10.10"]
[Round "7"]
[White "Sofiia_Hryzlova"]
[Black "DIMONBANAN"]
[Result "0-1"]
[WhiteElo "2326"]
[BlackElo "2508"]
[TimeControl "180+1"]
[EndTime "15:11:43 PDT"]
[Termination "DIMONBANAN won by checkmate"]

1. e4 e5 2. f4 exf4 3. Nf3 h6 4. h4 Nf6 5. Nc3 Bb4 6. d3 O-O 7. Bxf4 Nc6 8. a3 Ba5 9. b4 Bb6 10. Qd2 d5 11. e5 Re8 12. O-O-O d4 13. exf6 dxc3 14.
Qxc3 Nd4 15. fxg7 Nxf3 16. gxf3 Bd4 17. Qxc7 Qf6 18. Kb1 Be6 19. Bc1 Rac8 20. Qf4 Ba2+ 21. Kxa2 Rxc2+ 22. Kb1 Qe6 23. Qxd4 Qa2# 0-1

[Event "Late-Titled-Tuesday-Blitz-October-10-2023"]
[Site "Chess.com"]
[Date "2023.10.10"]
[Round "7"]
[White "ElenGajger"]
[Black "annacramling"]
[Result "1-0"]
[WhiteElo "2373"]
[BlackElo "2200"]
[TimeControl "180+1"]
[EndTime "15:11:45 PDT"]
[Termination "ElenGajger won on time"]

1. e4 d6 2. d4 e6 3. Nc3 Nd7 4. Nf3 Nb6 5. Bd3 Ne7 6. O-O Ng6 7.
Be3 e5 8. h3 Be7 9. a4 a5 10.
dxe5 dxe5 11. Bb5+ c6 12. Qxd8+ Bxd8 13. Be2 O-O 14.
Rad1 Bc7 15. Bc5 Re8 16. Rd2 Nf4 17. Bxb6 Bxb6 18. Bc4 Bc7 19. Ng5 Rf8 20. Rfd1 h6 21. Nxf7 Rxf7 22. Bxf7+ Kxf7 23. Rd7+ Bxd7 24. Rxd7+ Kf6 25.
Rxc7 Rd8 26. Rxb7 Rd2 27. Rb6 Rxc2 28. Rxc6+ Kf7 29. Ra6 Rxb2 30. Rxa5 Rc2 31. Rxe5 Nxh3+ 32. gxh3 Rxc3 33. a5 Rxh3 34. Kg2 Ra3 35. f3 Kf6 36. Rd5 g6 37. Kg3 h5 38. Kf4 Ra1 39. Rd6+ Kf7 40. a6 Ra3 41. Rb6 Kg7 42. e5 Kh6 43. e6 h4 44. e7 1-0

[Event "Late-Titled-Tuesday-Blitz-October-10-2023"]
[Site "Chess.com"]
[Date "2023.10.10"]
[Round "7"]
[White "TheBigBoss04"]
[Black "ChristopherYoo"]
[Result "0-1"]
[WhiteElo "2764"]
[BlackElo "3020"]
[TimeControl "180+1"]
[EndTime "15:11:49 PDT"]
[Termination "ChristopherYoo won by resignation"]

1. Nf3 c5 2. e4 Nc6 3. Nc3 e6 4. Bb5 Nd4 5. O-O a6 6. Bd3 Nc6 7. Re1 g5 8. h3 h5 9. Nh2 Qc7 10. b3 Bd6 11. Nf1 Nge7 12. Bb2 Be5 13. Rb1 b5 14. a4 b4 15. Ne2 Bxb2 16. Rxb2 Ne5 17. Ne3 Bb7 18. Rb1 O-O-O 19. Nc1 g4 20. h4 N7g6 21.
Be2 Nxh4 22. d4 Nef3+ 23. Bxf3 gxf3 24. g3 Rhg8 25. e5 d6 26. Nd3 dxe5 27. dxe5 Nf5 28. Nc4 h4 29. Qd2 hxg3 30. fxg3 Rxg3+ 31. Kf1 Rg2 32.
Qf4 Ng3+ 0-1

[Event "Late-Titled-Tuesday-Blitz-October-10-2023"]
[Site "Chess.com"]
[Date "2023.10.10"]
[Round "7"]
[White "Djager97"]
[Black "Vamostodorecto"]
[Result "1-0"]
[WhiteElo "2622"]
[BlackElo "2431"]
[TimeControl "180+1"]
[EndTime "15:11:51 PDT"]
[Termination "Djager97 won by resignation"]

1. e4 g6 2. d4 Bg7 3. Nc3 d6 4. Be3 a6 5. h4 h5 6. Nh3 b5 7.
Bd3 Bb7 8. Ng5 Nd7 9. Qd2 c5 10. dxc5 Nxc5 11. O-O-O Qa5 12. Bxc5 dxc5 13. Bxb5+ axb5 14. Qd7+ Kf8 15. Qxb7 Bxc3 16. bxc3 Nf6 17. e5 Ng4 18.
Qd5 Qa3+ 19. Kb1 e6 20. Qd6+ Kg7 21. Nxe6+ fxe6 22. Qe7+ Kg8 23. Qxe6+ Kf8 24. Rd7 Qxa2+ 25. Qxa2 Rxa2 26. Kxa2 Nxe5 27. Rd8+ Kg7 28. Rxh8 Kxh8 29. Re1 Ng4 30. f3 Nf6 31. Re5 Nd7 32. Rd5 1-0

[Event "Late-Titled-Tuesday-Blitz-October-10-2023"]
[Site "Chess.com"]
[Date "2023.10.10"]
[Round "7"]
[White "jcibarra"]
[Black "hellokostya"]
[Result "1-0"]
[WhiteElo "2891"]
[BlackElo "2637"]
[TimeControl "180+1"]
[EndTime "15:11:54 PDT"]
[Termination "jcibarra won by resignation"]

1. e4 c5 2. Nf3 Nc6 3. Nc3 e5 4. Bc4 d6 5. d3 h6 6. Nd2 g6 7. h4 Bg7 8. h5 g5 9. Nf1 Nge7 10. Ne3 O-O 11. a4 Be6 12. Ncd5 b6 13. c3 Qd7 14. Qf3 Kh8 15. Nf6 Qd8 16. Neg4 Ng8 17.
Nxg8 Kxg8 18. Ne3 Ne7 19. g4 Qd7 20. Bb5 Qc8 21. Nf5 Bxf5 22. gxf5 Bf6 23. Bc4 d5 24.
Bxd5 Nxd5 25. exd5 c4 26. O-O Rd8 27. Rd1 cxd3 28.
Qxd3 Rd7 29. Qe4 a6 30. c4 Rb8 31. Be3 Qc7 32. a5 bxa5 33. c5 Rxb2 34. d6 Qd8 35. Rab1 Rxb1 36. Rxb1 Qc8 37. Qd5 Be7 38. Qxe5 Bf8 39. Bd4 f6 40. Qxf6 Bg7 41. Qe6+ Kh7 42. Qg6+ Kh8 43. Qxh6+ Kg8 44. Qe6+ Kh7 45. Qg6+ Kh8 46.
f6 1-0

[Event "Late-Titled-Tuesday-Blitz-October-10-2023"]
[Site "Chess.com"]
[Date "2023.10.10"]
[Round "7"]
[White "borocotoajua"]
[Black "alexrustemov"]
[Result "0-1"]
[WhiteElo "2561"]
[BlackElo "2826"]
[TimeControl "180+1"]
[EndTime "15:11:54 PDT"]
[Termination "alexrustemov won by resignation"]

1. d4 g6 2. Nf3 Bg7 3. c4 c5 4. d5 f5 5. g3 Nf6 6. Bg2 d6 7. O-O O-O 8. Nc3 Na6 9. Rb1 Rb8 10. b3 Nc7 11. Bb2 a6 12. Qc2 b5 13. Nd2 e5 14.
dxe6 Bxe6 15. e4 f4 16. cxb5 axb5 17. e5 dxe5 18. Nce4 Nxe4 19. Bxe4 Na6 20. Rbd1 Qe7 21. Nf3 Bg4 22. Kg2 Nb4 23. Qb1 c4 24. bxc4 bxc4 25.
Ba3 Rfc8 26. Rc1 Be6 27. Rfe1 fxg3 28. hxg3 c3 29. Bxg6 hxg6 30. Qxg6 Qf7 31. Qxf7+ Bxf7 32. Nxe5 Nxa2 33. Rcd1 c2 34. Rd7 Be6 35. Rd4 Rb1 36.
Kf1 Bxe5 0-1

[Event "Late-Titled-Tuesday-Blitz-October-10-2023"]
[Site "Chess.com"]
[Date "2023.10.10"]
[Round "7"]
[White "Blackwhite017"]
[Black "Kostukov_Alex"]
[Result "0-1"]
[WhiteElo "2037"]
[BlackElo "2380"]
[TimeControl "180+1"]
[EndTime "15:11:54 PDT"]
[Termination "Kostukov_Alex won by resignation"]

1. e4 c5 2. Nf3 g6 3. g3 Bg7 4. Bg2 Nc6 5. O-O e5 6. c3 Nge7 7. d4 cxd4 8. cxd4 exd4 9. Bf4 d5 10. exd5 Nxd5 11. Re1+ Be6 12. Bg5 Qd7 13. Na3 O-O 14.
Nb5 h6 15. Bd2 a6 16. Na3 b5 17. Rc1 Rfd8 18. Re4 Ndb4 19. Bxb4 Nxb4 20. Nxd4 Nxa2 21.
Rc2 Bxd4 22. Rxd4 Qxd4 23. Qxd4 Rxd4 24. Bxa8 Bh3 25. f4 Nb4 26. Re2 Rd1+ 27. Kf2 Nd3+ 28.
Ke3 Nc1 29. Rd2 Re1+ 30. Kd4 Nb3+ 0-1

[Event "Late-Titled-Tuesday-Blitz-October-10-2023"]
[Site "Chess.com"]
[Date "2023.10.10"]
[Round "7"]
[White "realmadridfc123"]
[Black "biostatistician"]
[Result "1-0"]
[WhiteElo "2814"]
[BlackElo "2564"]
[TimeControl "180+1"]
[EndTime "15:11:55 PDT"]
[Termination "realmadridfc123 won by resignation"]

1. e4 e5 2. Nf3 Nc6 3. Bc4 Bc5 4. O-O Nf6 5. Nc3 O-O 6. a3 d6 7. h3 Be6 8. d3 Bxc4 9. dxc4 h6 10. b4 Bd4 11. Nxd4 Nxd4 12. Rb1 a5 13. bxa5 Qc8 14. Nd5 Nxd5 15. cxd5 Rxa5 16. Bd2 Rc5 17. c3 Nb5 18. Qb3 c6 19. a4 Nc7 20. c4 cxd5 21. cxd5 b5 22. Bb4 bxa4 23. Qd3 Na6 24. Bxc5 Nxc5 25. Qc4 f5 26. exf5 Qxf5 27. Rb6 Qg6 28. Qxc5 Rf5 29. Qxd6 Rg5 30. Qxg6 Rxg6 31. Rxg6 1-0

[Event "Late-Titled-Tuesday-Blitz-October-10-2023"]
[Site "Chess.com"]
[Date "2023.10.10"]
[Round "7"]
[White "egnfanclub"]
[Black "ferrufino64"]
[Result "1-0"]
[WhiteElo "2352"]
[BlackElo "2208"]
[TimeControl "180+1"]
[EndTime "15:11:55 PDT"]
[Termination "egnfanclub won by resignation"]

1. e4 c5 2. Nc3 Nc6 3. f4 d6 4.
Nf3 e6 5. Bb5 Ne7 6. O-O a6 7. Be2 b5 8. Qe1 Bb7 9. d3 Qc7 10. f5 e5 11. Qg3 f6 12. a3 O-O-O 13. Be3 Kb8 14. Nd5 Nxd5 15. exd5 Nd4 16. Bxd4 cxd4 17. c4 dxc3 18. bxc3 Bxd5 19. c4 bxc4 20. dxc4 Bb7 21. Rab1 Ka8 22. Nd2 d5 23. cxd5 Rxd5 24.
Nc4 Bc5+ 25. Kh1 Rb8 26. Rfc1 Ka7 27. Nb6 Rd6 28. Na4 Be4 29. Rxb8 Qxb8 30. Nxc5 Rc6 31. Qe3 Qb6 32. a4 Rxc5 33. Qxc5 Bxf5 34. Qc7+ Qxc7 35. Rxc7+ Kb6 36. Rxg7 1-0

[Event "Late-Titled-Tuesday-Blitz-October-10-2023"]
[Site "Chess.com"]
[Date "2023.10.10"]
[Round "7"]
[White "rickywsb"]
[Black "Sacbutt"]
[Result "1-0"]
[WhiteElo "2352"]
[BlackElo "2186"]
[TimeControl "180+1"]
[EndTime "15:11:55 PDT"]
[Termination "rickywsb won on time"]

1. d4 e5 2. dxe5 d6 3. Nf3 Nc6 4. Bg5 Qd7 5. e3 dxe5 6. Nc3 a6 7. Bc4 h6 8. Bh4 Bb4 9. O-O Qxd1 10. Raxd1 Bxc3 11. bxc3 Bg4 12. Bd5 f6 13. h3 Bh5 14. Rb1 O-O-O 15. c4 Nge7 16. Be6+ Kb8 17. Rb2 Ka7 18. Rfb1 Rb8 19. Nd2 Bg6 20. f4 Rhd8 21. Nb3 Rd6 22. Bg4 f5 23. Be2 exf4 24. exf4 Nc8 25. Bf2+ b6 26. c5 Re6 27. cxb6+ cxb6 28. Bf3 Be8 29. a4 a5 30. c3 Ka6 31. Be2+ Ka7 32. Bb5 N6e7 33.
Nxa5 Bxb5 34. Rxb5 Re2 35. Nc4 Re4 36. Nxb6 Nxb6 37.
Bxb6+ Ka6 38. Ra5+ Kb7 39. Ra7+ Kc6 40. Rc7+ Kd6 41.
Rd1+ Ke6 42. a5 Nd5 43. Rc6+ Kd7 44. Rc5 Ke6 45. Rcxd5 1-0

[Event "Late-Titled-Tuesday-Blitz-October-10-2023"]
[Site "Chess.com"]
[Date "2023.10.10"]
[Round "7"]
[White "Levanzovsky"]
[Black "AlexOstrovskiy"]
[Result "1-0"]
[WhiteElo "2446"]
[BlackElo "2598"]
[TimeControl "180+1"]
[EndTime "15:11:56 PDT"]
[Termination "Levanzovsky won on time"]

1. e4 d5 2. exd5 Nf6 3. d4 Bg4 4. Nf3 Qxd5 5. Be2 Nc6 6. c4 Qf5 7. Nc3 O-O-O 8. Be3 e5 9. d5 Nb4 10. Rc1 e4 11. Nd4 Qg6 12. Qa4 Bxe2 13. Qxa7 Bd3 14.
Ncb5 Qxg2 15. Kd2 Ng4 16. Qa8+ Kd7 17. Qxb7 Nxe3 18. Qxc7+ Ke8 19. Qb7 Qxf2+ 20. Kc3 Nbxd5+ 21. cxd5 Nxd5+ 22. Kb3 Bxb5 23. Nxb5 Be7 24. Rc8 1-0

[Event "Late-Titled-Tuesday-Blitz-October-10-2023"]
[Site "Chess.com"]
[Date "2023.10.10"]
[Round "7"]
[White "Dedic8"]
[Black "rasmussvane"]
[Result "1-0"]
[WhiteElo "2888"]
[BlackElo "2997"]
[TimeControl "180+1"]
[EndTime "15:11:57 PDT"]
[Termination "Dedic8 won on time"]

1. d4 Nf6 2. c4 e6 3. Nc3 Bb4 4. e3 O-O 5. Bd3 d5 6. a3 Bxc3+ 7. bxc3 dxc4 8. Bxc4 c5 9. Ne2 Qc7 10. Bd3 Nc6 11.
O-O e5 12. Ng3 cxd4 13. cxd4 exd4 14. Bb2 Rd8 15. exd4 Be6 16. d5 Rxd5 17. Qc2 Qd8 18. Rad1 Nd4 19. Qb1 Rc8 20. Ne4 h6 21. Kh1 Nxe4 22.
Bxe4 Rd7 23. Rd3 Bc4 24. Rfd1 Bxd3 25. Qxd3 Rc2 26. Bc3 Ne2 27. Bh7+ Kh8 28. Qxd7 1-0